 Dungeon Crawl Stone Soup version 0.20.1-1-g8b1a95d (webtiles) character file.

13521 letownia2 the Reanimator (level 11, 41/91 (92) HPs)
             Began as a Deep Dwarf Necromancer on Nov 25, 2017.
             Was an Initiate of Gozag.
             Quit the game on level 10 of the Dungeon on Nov 26, 2017.
             The game lasted 00:40:18 (12069 turns).

letownia2 the Reanimator (Deep Dwarf Necromancer)  Turns: 12069, Time: 00:40:19

HP:   41/91 (92)    AC: 16    Str: 14    XL:     11   Next: 76%
MP:   34/34         EV:  7    Int: 17    God:    Gozag
Gold: 580           SH:  0    Dex: 13    Spells: 24/31 levels left

rFire    + + .     SeeInvis +   a - +7 captain's cutlass {speed, disarm}
rCold    + . .     Gourm    .   (no shield)
rNeg     . . .     Faith    .   Y - +1 chain mail of Reler {*Drain rElec rF++ rC+}
rPois    .         Spirit   .   (no helmet)
rElec    +         Reflect  .   B - +1 cloak
rCorr    .         Harm     .   x - +2 pair of gloves
MR       +....                  V - +0 pair of boots
Stlth    ..........             (no amulet)
Regen    0.0/turn               n - ring of see invisible
MPRegen  0.3/turn               y - ring of magical power

@: non-regenerating
A: damage resistance, heal wounds, sense surroundings 2, no regeneration
a: Heal Wounds, Potion Petition, Call Merchant, Bribe Branch, Renounce Religion


You were on level 10 of the Dungeon.
You worshipped Gozag.
Gozag was pleased with you.
You were hungry.

You visited 3 branches of the dungeon, and saw 13 of its levels.
You also visited: Ossuary.

You collected 4065 gold pieces.
You spent 209 gold pieces at shops.
You paid 3276 gold pieces to Gozag.

Inventory:

Hand Weapons
 a - the +7 captain's cutlass (weapon) {speed, disarm}
   (You found it on level 4 of the Dungeon)

   Attacks with this weapon are significantly faster.
 b - a +2 arbalest of freezing
 c - a +1 blowgun
 d - a +4 flail of holy wrath
 h - a +1 hand axe of flaming
 o - the +1 mace of Big Damage {speed, rPois MR+ Int-5 SInv}
   (You found it on level 9 of the Dungeon)

   Attacks with this weapon are significantly faster.
   It affects your intelligence (-5).
   It protects you from poison.
   It affects your resistance to hostile enchantments.
   It lets you see invisible.
 z - a +1 hand axe of venom
 J - a +2 mace of protection
 M - a +2 battleaxe of freezing
 N - a +2 vampiric hand axe
 R - a +0 war axe
Missiles
 I - 3 curare-tipped needles
 Q - 49 poisoned needles
 W - 70 bolts
Armour
 q - the +1 helmet of the Constellations {rPois rC++ rN+ Int-5 Dex+4}
   (You took it off Robin on level 3 of the Dungeon)

   It affects your intelligence (-5).
   It affects your dexterity (+4).
   It greatly protects you from cold.
   It protects you from poison.
   It protects you from negative energy.
 x - a +2 pair of gloves (worn)
 B - a +1 cloak (worn)
 O - a +0 buckler
 V - a +0 pair of boots (worn)
 Y - the +1 chain mail of Reler (worn) {*Drain rElec rF++ rC+}
   (You bought it in a shop on level 10 of the Dungeon)

   It greatly protects you from fire.
   It protects you from cold.
   It insulates you from electricity.
   It causes draining when unequipped.
Magical Staves
 X - an uncursed staff of fire
Jewellery
 n - a ring of see invisible (left hand)
 y - a ring of magical power (right hand)
 D - an uncursed ring of fire
Wands
 r - a wand of acid (15/15)
 G - a wand of flame (16/48)
 T - a wand of polymorph (14/24)
Scrolls
 g - 4 scrolls of teleportation
 i - 3 scrolls of identify
 p - a scroll of fear
 s - 7 scrolls of remove curse
 u - 2 scrolls of enchant armour
 v - 2 scrolls of recharging
 C - 3 scrolls of blinking
 E - 2 scrolls of immolation
 U - a scroll of amnesia
Potions
 e - 4 potions of curing {unknown}
 f - a potion of cancellation
 j - 4 potions of might {unknown}
 l - 2 potions of lignification
 t - a potion of brilliance
 w - 4 potions of haste {unknown}
 A - 2 potions of magic {unknown}
 F - 5 potions of heal wounds {unknown}
 K - a potion of invisibility
 L - a potion of mutation
 S - a potion of berserk rage
Comestibles
 m - 4 meat rations
 P - 7 bread rations


   Skills:
 - Level 4.1 Fighting
 - Level 4.0 Axes
 + Level 4.0 Armour
 - Level 2.5 Dodging
 - Level 2.4 Stealth
 - Level 10.5 Spellcasting
 - Level 12.3 Necromancy
 - Level 3.0 Air Magic
 - Level 6.6 Evocations


You had 24 spell levels left.
You knew the following spells:

 Your Spells              Type           Power        Failure   Level  Hunger
a - Pain                  Necr           ####         1%          1    None
d - Shock                 Conj/Air       ##..         69%         1    None
s - Swiftness             Chrm/Air       ##......     83%         2    None
v - Vampiric Draining     Necr           ######....   3%          3    None


Dungeon Overview and Level Annotations

Branches:
Dungeon (10/15)            Temple (1/1) D:4            Lair (0/6) D:8
    Orc (2/2) D:10            Elf (0/3) Orc:2

Altars:
Ashenzari
Cheibriados
Dithmenos
Elyvilon
Fedhas
Gozag
Hepliaklqana
Kikubaaqudgha
Makhleb
Okawaru
Qazlal
Ru
Sif Muna
Trog
Uskayaw
Vehumet
Xom
Yredelemnul
Zin
The Shining One
Beogh

Shops:
D:4 (   D:10 [=[[   Orc:2 [:

Annotations:
Orc:2 1 exclusion, Saint Roka


Innate Abilities, Weirdness & Mutations

You are resistant to damage.
You can heal yourself by infusing magical energy.
You passively map the area around you.
You do not regenerate.


Message History

You continue putting on your ichor-stained chain mail. x5
You finish putting on the +1 chain mail of Reler {*Drain rElec rF++ rC+}.
Drop what? 51/52 slots (_ for help) (? for menu, Esc to quit)
You drop a +3 ring mail.
You drop a +1 chain mail of cold resistance.
As you read the scroll labeled CIXZIT ANUO, it crumbles to dust.
It is a scroll of recharging.
Charge which item? (? for menu, Esc to quit)
Your wand of acid (7/15) glows for a moment and now has 15 charges.
As you read the scroll labeled UDOPLUSTAMEX, it crumbles to dust.
You assume a fearsome visage.
Nothing appears to happen.
It was a scroll of fear.
Drop what? 49/52 slots (_ for help) (? for menu, Esc to quit)
Okay, then.
Okay, then.
You aren't carrying or standing over any spellbooks.
Unknown command.
Put on which piece of jewellery? (? for menu, Esc to quit)
Okay, then.
Are you sure you want to abandon this character and quit the game? (Confirm with "yes".)

######.#.#...#.#.#...#.#.#...#.#.
.....#.#.##.##.#.##.##.#.##.##.#.
....##.#..#.#..#..#+#..#..#'#..#.
....##.##......#.......#......##.
.......##.....###.8.8.###..8..#..
....##>.##..).###.....###....##..
....##...##....#.......#....##...
.....#....###....∩∩∩∩.....#######
.....#.....#####@.)[[..####......
.....#.....#...####>####.........
.....#.....#......###............
#######'####.............####....
.....................#...# #....
>#.(..##.............#...# #...^
.#.....).............#...# #....
................(....#...# #....
.............##..........####....


There were no monsters in sight!

Vanquished Creatures
  The ghost of Ratty the Eclecticist, a journeyman DEFE of Vehumet (Orc:2)
  A two-headed ogre (D:8)
  5 orc sorcerers
  A komodo dragon (D:8)
  Sigmund (D:4)
  A wyvern (D:8)
  Eustachio (D:4)
  A fire elemental (Orc:2)
  4 yaks
  2 wargs (Orc:2)
  Edmund (D:6)
  An acid dragon (D:8)
  An ice beast (D:6)
  2 sky beasts
  3 black bears
  28 orc warriors
  A necrophage (D:7)
  5 ogres
  3 centaurs
  2 crocodiles (D:8)
  3 big kobolds
  4 bullfrogs
  2 gnoll sergeants
  A water moccasin skeleton (D:10)
  5 scorpions
  3 killer bees (D:10)
  7 wights
  3 howler monkeys
  2 centaur zombies
  2 bullfrog zombies (D:5)
  3 crimson imps
  A quasit (D:9)
  16 orc priests
  4 hounds
  2 jellies
  A bullfrog skeleton (D:8)
  24 orc wizards
  Ijyb (D:4)
  4 iguanas
  11 worker ants
  3 big kobold zombies (Ossuary)
  2 hound zombies
  2 mummies (Ossuary)
  Robin (D:3)
  17 gnolls
  A howler monkey skeleton (D:5)
  7 adders
  4 shadow imps
  An ooze (D:2)
  An adder skeleton (D:8)
  2 adder zombies
  2 worms
  4 dart slugs
  6 leopard geckos
  83 orcs
  A ball python (D:4)
  5 giant cockroaches
  2 gnoll zombies (Ossuary)
  13 hobgoblins
  6 quokkas
  4 bats
  2 frilled lizards
  A giant cockroach zombie (D:5)
  14 goblins
  4 goblin zombies (Ossuary)
  A hobgoblin zombie (Ossuary)
  A jackal skeleton (D:6)
  20 kobolds
  A leopard gecko zombie (D:6)
  4 orc zombies (Ossuary)
  A quokka skeleton (D:7)
  7 rats
387 creatures vanquished.

Notes
Turn   | Place    | Note
-------+----------+-------------------------------------------
     0 | D:1      | letownia2 the Deep Dwarf Necromancer began the quest for the Orb.
     0 | D:1      | Reached XP level 1. HP: 15/15 MP: 3/3
   242 | D:2      | Reached XP level 2. HP: 16/22 MP: 1/5
   406 | D:3      | Found a sacrificial altar of Ru.
   431 | D:3      | Noticed Robin
   473 | D:4      | Noticed Ijyb
   496 | D:4      | Reached skill level 5 in Necromancy
   496 | D:4      | Reached XP level 3. HP: 17/28 MP: 0/6
   501 | D:4      | Learned a level 3 spell: Vampiric Draining
   714 | D:4      | Found a staircase to the Ecumenical Temple.
   719 | Temple   | Entered the Ecumenical Temple
   774 | D:4      | Noticed a scorpion
   828 | D:4      | Killed a scorpion
   828 | D:4      | Reached skill level 6 in Necromancy
   828 | D:4      | Reached XP level 4. HP: 24/36 MP: 0/7
  1084 | Temple   | Became a worshipper of Gozag Ym Sagoz the Greedy
  1151 | D:4      | Found Ruhir's Weapon Shop.
  1169 | D:4      | Reached XP level 5. HP: 35/42 MP: 5/8
  1300 | D:4      | Noticed Eustachio
  1415 | D:4      | Killed Eustachio
  1415 | D:4      | Reached XP level 6. HP: 43/49 MP: 0/11
  1491 | D:4      | Noticed Sigmund
  1506 | D:4      | Killed Sigmund
  1703 | D:3      | Reached skill level 5 in Spellcasting
  1757 | D:3      | Reached XP level 7. HP: 45/55 MP: 6/14
  2013 | D:3      | Reached skill level 1 in Fighting
  2032 | D:3      | Killed Robin
  2032 | D:3      | Reached skill level 7 in Necromancy
  2039 | D:3      | Got a dazzling helmet
  2051 | D:3      | Identified the +1 helmet of the Constellations {rPois rC++ rN+ Int-5 Dex+4} (You took it off Robin on level 3 of the Dungeon)
  2191 | D:4      | Killed Ijyb
  3952 | D:5      | Entered Level 5 of the Dungeon
  3992 | D:5      | Found a sand-covered staircase.
  4106 | D:5      | Reached skill level 1 in Evocations
  4121 | D:5      | Reached skill level 1 in Armour
  4155 | D:5      | Reached skill level 8 in Necromancy
  4203 | D:5      | Reached XP level 8. HP: 55/67 MP: 15/15
  4238 | Ossuary  | Entered an ossuary
  5132 | D:6      | Identified the Volume of Lightness and Companions
  5431 | D:6      | Noticed Edmund
  5440 | D:6      | Killed Edmund
  5683 | D:7      | Gained mutation: You passively map the area around you. [Deep Dwarf growth]
  5683 | D:7      | Reached XP level 9. HP: 68/75 MP: 20/20
  5821 | D:7      | Learned a level 2 spell: Swiftness
  5823 | D:7      | Learned a level 1 spell: Shock
  5913 | D:7      | Found a burning altar of Makhleb.
  6375 | D:7      | Found a shimmering altar of Xom.
  6483 | D:8      | Reached skill level 1 in Air Magic
  6514 | D:7      | Found a hazy altar of Hepliaklqana.
  6814 | D:8      | Noticed a two-headed ogre
  6901 | D:8      | Killed a two-headed ogre
  6901 | D:8      | Reached skill level 5 in Evocations
  6907 | D:8      | Reached XP level 10. HP: 56/83 MP: 1/23
  7021 | D:4      | You fall through a shaft for 2 floors!
  7366 | D:8      | Found a shattered altar of Ashenzari.
  7599 | D:9      | Got an ancient mace
  7600 | D:9      | Identified the cursed +1 mace of Big Damage {speed, rPois MR+ Int-5 SInv} (You found it on level 9 of the Dungeon)
  7653 | D:9      | Found an ancient bone altar of Kikubaaqudgha.
  7655 | D:9      | Found a blossoming altar of Fedhas.
  8044 | D:9      | Reached skill level 10 in Spellcasting
  8261 | D:9      | Found a hide-covered altar of Uskayaw.
  8644 | D:8      | Found a staircase to the Lair.
  8915 | D:10     | Entered Level 10 of the Dungeon
  9068 | D:10     | Reached skill level 9 in Necromancy
  9492 | D:10     | Found a staircase to the Orcish Mines.
  9523 | D:10     | Reached skill level 10 in Necromancy
  9937 | Orc:1    | Entered Level 1 of the Orcish Mines
 10150 | Orc:1    | Found a roughly hewn altar of Beogh.
 10277 | Orc:2    | Entered Level 2 of the Orcish Mines
 10277 | Orc:2    | Noticed Ratty's ghost (journeyman DEFE)
 10290 | Orc:2    | Noticed an orc sorcerer
 10301 | Orc:2    | Killed Ratty's ghost
 10301 | Orc:2    | Reached skill level 11 in Necromancy
 10301 | Orc:2    | Reached XP level 11. HP: 78/89 MP: 25/25
 10306 | Orc:2    | Killed an orc sorcerer
 10513 | Orc:1    | Noticed an orc sorcerer
 10584 | Orc:1    | Killed an orc sorcerer
 10800 | Orc:2    | Found a roughly hewn altar of Beogh.
 10884 | Orc:2    | Found a roughly hewn altar of Beogh.
 10909 | Orc:2    | Reached skill level 12 in Necromancy
 11001 | Orc:2    | Found a roughly hewn altar of Beogh.
 11003 | Orc:2    | Found Ruaxtuc's Antique Armour Emporium.
 11053 | Orc:2    | Reached skill level 1 in Axes
 11078 | Orc:2    | Found a roughly hewn altar of Beogh.
 11079 | Orc:2    | Noticed an orc sorcerer
 11089 | Orc:2    | Killed an orc sorcerer
 11101 | Orc:2    | Found Penlaq's Book Shoppe.
 11152 | Orc:2    | Found a staircase to the Elven Halls.
 11404 | Orc:2    | Noticed an orc sorcerer
 11421 | Orc:2    | Killed an orc sorcerer
 11619 | Orc:2    | Noticed an orc sorcerer
 11644 | Orc:2    | Killed an orc sorcerer
 11808 | Orc:2    | Found a roughly hewn altar of Beogh.
 11849 | Orc:2    | Noticed Saint Roka
 12054 | D:10     | Bought an ichor-stained chain mail for 209 gold pieces
 12064 | D:10     | Identified the +1 chain mail of Reler {*Drain rElec rF++ rC+} (You bought it in a shop on level 10 of the Dungeon)
 12069 | D:10     | Quit the game

Skill      XL: |  1  2  3  4  5  6  7  8  9 10 11 |
---------------+----------------------------------+-----
Spellcasting   | 2 3 5 7 9 10 | 10.5
Necromancy     | 5 6 8 11 12 | 12.3
Fighting       | 2 3 4 |  4.1
Evocations     | 2 3 5 6 |  6.6
Armour         | 1 4 |  4.0
Air Magic      | 3 |  3.0
Axes           | 4 |  4.0
Dodging        | |  2.5
Stealth        | |  2.4

Action                   |  1- 3 |  4- 6 |  7- 9 | 10-12 || total
-------------------------+-------+-------+-------+-------++-------
Melee: Dagger            |     3 |    11 |   158 |     7 ||   179
       Mace              |       |       |   138 |       ||   138
       Spear             |       |       |    22 |       ||    22
       Flail             |       |       |    52 |     6 ||    58
       Cutlass           |       |       |       |   331 ||   331
 Fire: Arbalest          |       |       |       |    46 ||    46
 Cast: Pain              |    45 |    45 |   166 |    14 ||   270
       Vampiric Draining |     1 |     8 |    69 |   218 ||   296
       Shock             |       |       |     2 |       ||     2
Invok: Call Merchant     |       |       |       |     4 ||     4
Evoke: Wand              |       |       |    15 |     4 ||    19
  Use: Scroll            |       |       |     2 |    18 ||    20
 Stab: Distracted        |     1 |       |     2 |       ||     3
       Sleeping          |       |       |     1 |     1 ||     2
  Eat: Chunk             |       |     2 |       |       ||     2
       Bread ration      |       |     1 |       |       ||     1
       Meat ration       |       |       |     2 |     1 ||     3
       Royal jelly       |       |       |     1 |     4 ||     5
       Fruit             |       |       |     7 |     2 ||     9
Armor: Ring mail         |    15 |     7 |   257 |   197 ||   476
       Robe              |     1 |       |       |       ||     1
       Leather armour    |       |       |       |     3 ||     3
       Chain mail        |       |       |       |    12 ||    12
Dodge: Dodged            |    29 |    22 |   270 |   265 ||   586
